 Dungeon Crawl Stone Soup version 0.18-a0-1044-g2bb894f (webtiles) character file.

43359 Enroth the Spry (level 13, -6/67 HPs)
             Began as a Spriggan Berserker on Jan 10, 2016.
             Was a High Priest of Trog.
             Mangled by a death yak (21 damage)
             ... on level 8 of the Lair of Beasts on Jan 11, 2016.
             The game lasted 01:26:42 (15575 turns).

Enroth the Spry (Spriggan Berserker)               Turns: 15575, Time: 01:26:42

Health: -6/67      AC: 10    Str: 16    XL:     13   Next: 90%
Magic:  19/19      EV: 42    Int:  8    God:    Trog [*****.]
Gold:   1207       SH: 10    Dex: 23    Spells: 0 memorised, 12 levels left

rFire  + . .     SeeInvis +     v - +7 rapier of Impatience {pierce, rPois Str+3 Dex+2}
rCold  + + +     Gourm    .     G - +1 robe {rC+}
rNeg   . . .     Faith    .     p - +1 buckler
rPois  +         Spirit   .     n - +0 hat
rElec  .         Dismiss  .     H - +3 cloak of Onwyluc {rF+ rC+ Dex-3}
rCorr  .         Reflect  .     (gloves unavailable)
SustAt .         Harm     .     (boots unavailable)
MR     +++..                    A - amulet of regeneration
Stlth  +++++++++.               y - ring of protection from magic
                                f - +3 ring of protection

@: agile, very quick, extremely resistant to hostile enchantments, incredibly
stealthy
A: unfitting armour, see invisible, clumsy 1, cold resistance 1, herbivore 3,
speed 3, slow regeneration 1, slow metabolism 2
a: Berserk, Trog's Hand, Brothers in Arms, Burn Spellbooks, Renounce Religion


You were on level 8 of the Lair of Beasts.
You worshipped Trog.
Trog was extremely pleased with you.
You were not hungry.

You visited 4 branches of the dungeon, and saw 20 of its levels.
You also visited: Labyrinth and Ossuary.

You collected 1207 gold pieces.

Inventory:

Hand Weapons
 q - a +3 short sword of flaming
 v - the +7 rapier of Impatience (weapon) {pierce, rPois Str+3 Dex+2}
   (You found it on level 1 of the Lair of Beasts)

   It inflicts extra damage upon your enemies.
   It affects your strength (+3).
   It affects your dexterity (+2).
   It protects you from poison.
Armour
 n - a +0 hat (worn)
 p - a +1 buckler (worn)
 G - a +1 robe of cold resistance (worn)
 H - the +3 cloak of Onwyluc (worn) {rF+ rC+ Dex-3}
   (You acquired it on level 4 of the Lair of Beasts)

   It affects your dexterity (-3).
   It protects you from fire.
   It protects you from cold.
Jewellery
 f - a +3 ring of protection (left hand)
 h - an uncursed amulet of dismissal
 y - a ring of protection from magic (right hand)
 A - an amulet of regeneration (around neck)
 C - an uncursed ring of teleportation
Wands
 k - a wand of confusion (8/48)
 r - a wand of digging (20/24)
 z - a wand of disintegration (4/24)
 F - a wand of fire (5/15)
Scrolls
 b - 2 scrolls of magic mapping
 e - 9 scrolls of remove curse
 g - a scroll of silence
 i - 6 scrolls of teleportation
 j - a scroll of blinking
 x - 2 scrolls of fear
 B - 2 scrolls of recharging
 D - a scroll of identify
 I - a scroll of fog
Potions
 d - 3 potions of flight
 l - a potion of invisibility
 o - 6 potions of curing
 s - a potion of might
 u - a potion of heal wounds
 E - a potion of ambrosia
Miscellaneous
 a - a phial of floods
Comestibles
 c - 11 bread rations
 t - 9 fruits


   Skills:
 + Level 7.6 Fighting
 + Level 12.2 Short Blades
 + Level 18.4 Dodging
 + Level 16.7 Stealth
 + Level 5.8 Shields
 + Level 7.0 Evocations


You had 12 spell levels left.
You didn't know any spells.

Dungeon Overview and Level Annotations

Branches:
Dungeon (10/15)            Temple (1/1) D:5            Lair (8/8) D:10
  Swamp (0/4) Lair:6       Spider (0/4) Lair:6        Slime (0/6) Lair:7
    Orc (1/2) D:9

Altars:
Ashenzari
Cheibriados
Dithmenos
Elyvilon
Fedhas
Gozag
Kikubaaqudgha
Makhleb
Nemelex Xobeh
Okawaru
Pakellas
Qazlal
Ru
Sif Muna
Trog
Vehumet
Xom
Yredelemnul
Zin
The Shining One
Jiyva

Shops:
D:6 (


Innate Abilities, Weirdness & Mutations

You are tiny and cannot use many weapons and most armour.
You have supernaturally acute eyesight.
You are a herbivore.
You cover ground extremely quickly.
You need consume almost no food.
You are clumsy. (Dex -2)
Your flesh is cold resistant.
You regenerate slowly when monsters are visible.


Message History

You block the yak's attack.
You puncture the yak!
You kill the yak!
Trog accepts your kill.
You hit the death yak but do no damage. You block the death yak's attack.
You hit the death yak.
The death yak is lightly wounded.
You hit the death yak.
The death yak is moderately wounded.
The death yak gores you!
You hit the death yak.
The death yak is moderately wounded.
You hit the death yak.
The death yak is moderately wounded.
The death yak gores you!!
* * * LOW HITPOINT WARNING * * *
You hit the death yak.
The death yak is moderately wounded.
The death yak gores you!!
You die...

####...## #....# #.#...###
###.....## ###.....#.#
##........## #.....P...##
#(..........#### ...
.............#@# ...
.............Y## ....
P.............########.....
.................##..#Y....
................P##....Y...
................Y#.P.YP....
.................Y..†......
.................Y........
..........#..P........


You could see a death yak.

Vanquished Creatures
  A minotaur (Lab)
  Fannar (Lair:3)
  2 death yaks (Lair:8)
  2 unseen horrors
  2 hill giants (D:8)
  2 griffons
  A salamander (Lair:5)
  A cyclops (D:8)
  9 black mambas
  Joseph (D:8)
  19 elephants
  A gargoyle (D:9)
  8 spiny frogs
  A torpor snail (Lair:5)
  6 komodo dragons
  2 polar bears (D:9)
  2 redbacks
  A wyvern (Lair:4)
  2 basilisks
  13 yaks
  5 hippogriffs
  2 hogs (Lair:5)
  A human (D:8)
  4 hungry ghosts (D:10)
  18 wolves
  10 porcupines
  8 water moccasins
  2 orc warriors
  A sky beast (D:8)
  A black bear (D:5)
  6 ice beasts
  A necrophage (D:8)
  2 ogres
  5 centaurs
  15 crocodiles
  18 giant frogs
  2 big kobolds (D:9)
  A wyvern skeleton (D:8)
  4 scorpions
  3 spriggan skeletons (Lab)
  3 killer bees (D:8)
  3 wights (D:7)
  An electric eel (Lair:6)
  3 crimson imps
  2 centaur zombies
  A quasit (D:8)
  6 orc priests
  3 hounds (D:10)
  A water moccasin simulacrum (D:9)
  3 centaur skeletons
  3 giant frog skeletons
  7 iguanas
  9 orc wizards
  7 worker ants
  14 sheep
  A hound zombie (D:8)
  8 mummies (Ossuary)
  4 gnolls (D:5)
  11 adders
  55 river rats
  3 white imps
  2 oozes
  An adder zombie (D:9)
  4 worms
  3 adder simulacra (D:9)
  7 giant geckos
  31 orcs
  2 ball pythons
  3 giant cockroaches
  A gnoll zombie (Ossuary)
  12 goblins
  11 hobgoblins
  10 jackals
  14 kobolds
  6 quokkas
  7 bats
  A giant cockroach zombie (D:5)
  A giant gecko skeleton (D:4)
  3 giant newts
  5 hobgoblin zombies (Ossuary)
  A jackal zombie (D:5)
  A kobold zombie (Ossuary)
  An orc zombie (Ossuary)
  A quokka zombie (D:9)
  3 rats
  2 rat zombies (D:2)
  A plant (Lair:2)
468 creatures vanquished.

Vanquished Creatures (collateral kills)
  Kirke (Lair:5)
  A hydra (Lair:2)
  5 jumping spiders (Lair:6)
  4 redbacks (Lair:6)
  A water moccasin (Lair:2)
  2 electric eels (D:9)
14 creatures vanquished.

Vanquished Creatures (others)
  A plant (Lair:2)
1 creature vanquished.

Grand Total: 483 creatures vanquished

Notes
Turn   | Place    | Note
--------------------------------------------------------------
     0 | D:1      | Enroth the Spriggan Berserker began the quest for the Orb.
     0 | D:1      | Reached XP level 1. HP: 11/11 MP: 2/2
   105 | D:1      | Reached XP level 2. HP: 11/16 MP: 3/3
   723 | D:2      | Reached XP level 3. HP: 19/19 MP: 4/4
   754 | D:2      | Reached ** piety under Trog
   771 | D:2      | Reached skill level 5 in Dodging
   806 | D:2      | Found an ancient bone altar of Kikubaaqudgha.
  1383 | D:2      | Found a shattered altar of Ashenzari.
  1488 | D:3      | Found a burning altar of Makhleb.
  1507 | D:3      | Reached XP level 4. HP: 24/24 MP: 5/5
  1586 | D:3      | Reached skill level 6 in Dodging
  1618 | D:3      | Reached XP level 5. HP: 28/28 MP: 6/6
  1649 | D:3      | Reached skill level 1 in Stealth
  1703 | D:3      | Found a deep blue altar of Sif Muna.
  1806 | D:3      | Found a snail-covered altar of Cheibriados.
  2004 | D:3      | Reached *** piety under Trog
  2219 | D:4      | Reached skill level 7 in Dodging
  2219 | D:4      | Reached XP level 6. HP: 17/32 MP: 7/7
  2420 | D:4      | Reached skill level 5 in Short Blades
  2645 | D:4      | Reached skill level 8 in Dodging
  2705 | D:5      | Entered Level 5 of the Dungeon
  2715 | D:5      | Reached XP level 7. HP: 32/37 MP: 8/8
  2806 | D:5      | Found a sand-covered staircase.
  2810 | Ossuary  | Entered an ossuary
  3323 | Ossuary  | Gained mutation: You regenerate slowly when monsters are visible. [potion of mutation]
  3323 | Ossuary  | Gained mutation: Your flesh is cold resistant. [potion of mutation]
  3323 | Ossuary  | Gained mutation: You are clumsy. (Dex -2) [potion of mutation]
  3467 | D:5      | Reached skill level 9 in Dodging
  3479 | D:5      | Reached skill level 5 in Stealth
  3630 | D:5      | Found a staircase to the Ecumenical Temple.
  3655 | D:5      | Reached XP level 8. HP: 38/42 MP: 9/9
  3705 | D:5      | Reached skill level 10 in Dodging
  3716 | D:5      | Reached **** piety under Trog
  3943 | D:6      | Found an opulent altar of Gozag.
  3946 | D:6      | Found Buoteb's Weapon Emporium.
  4091 | D:6      | Found a shimmering altar of Xom.
  4128 | D:6      | Found an iron altar of Okawaru.
  4182 | D:6      | Reached skill level 11 in Dodging
  4399 | D:6      | Found a glowing golden altar of the Shining One.
  4576 | D:7      | Reached XP level 9. HP: 46/46 MP: 10/10
  4685 | D:7      | Found a bloodstained altar of Trog.
  4791 | D:7      | Reached skill level 12 in Dodging
  4838 | D:7      | Reached ***** piety under Trog
  5374 | D:8      | Found a blossoming altar of Fedhas.
  5708 | D:8      | Noticed a cyclops
  5712 | D:8      | Killed a cyclops
  5712 | D:8      | Reached skill level 13 in Dodging
  5712 | D:8      | Reached skill level 1 in Shields
  5741 | D:8      | Noticed a hill giant
  5743 | D:8      | Noticed a hill giant
  5764 | D:8      | Killed a hill giant
  5764 | D:8      | Reached skill level 10 in Stealth
  5764 | D:8      | Reached XP level 10. HP: 51/51 MP: 11/11
  5766 | D:8      | Killed a hill giant
  5766 | D:8      | Reached skill level 5 in Fighting
  5920 | D:8      | Got a coiled turquoise ring
  5922 | D:8      | Identified the ring of Foxik {MR+ Int+2} (You found it on level 8 of the Dungeon)
  6008 | D:8      | Reached skill level 14 in Dodging
  6285 | D:8      | Found an oddly glowing altar of Pakellas.
  6285 | D:8      | Noticed Joseph
  6291 | D:8      | Killed Joseph
  6393 | D:8      | Reached skill level 15 in Dodging
  6393 | D:8      | Reached XP level 11. HP: 52/55 MP: 12/12
  6545 | D:9      | Found a basalt altar of Yredelemnul.
  6566 | D:9      | Found a staircase to the Orcish Mines.
  6616 | D:9      | Found a shimmering altar of Xom.
  6777 | D:9      | Found a glowing silver altar of Zin.
  7310 | Temple   | Entered the Ecumenical Temple
  7618 | Orc:1    | Entered Level 1 of the Orcish Mines
  7633 | D:10     | Entered Level 10 of the Dungeon
  7656 | D:10     | Reached skill level 1 in Evocations
  7741 | D:10     | Noticed an unseen horror
  7764 | D:10     | Killed an unseen horror
  7906 | D:10     | Found a staircase to the Lair.
  8020 | D:10     | Reached skill level 10 in Short Blades
  8426 | Lair:1   | Entered Level 1 of the Lair of Beasts
  8519 | Lair:1   | Received a gift from Trog
  8589 | Lair:1   | Got an iridescent rapier
  8590 | Lair:1   | Identified the +7 rapier of Impatience {pierce, rPois Str+3 Dex+2} (You found it on level 1 of the Lair of Beasts)
  9315 | Lair:1   | Identified a +0 rod of inaccuracy (10/10) (You found it on level 1 of the Lair of Beasts)
  9356 | Lair:2   | Reached skill level 16 in Dodging
  9624 | Lair:2   | Reached XP level 12. HP: 62/62 MP: 15/15
  9867 | Lair:2   | Found a labyrinth entrance.
  9876 | Lab      | Entered a labyrinth
 10170 | Lab      | Noticed a minotaur
 10186 | Lab      | Killed a minotaur
 10331 | Lair:2   | Noticed a seven-headed hydra
 10340 | Lair:2   | Killed an eight-headed hydra
 10362 | Lair:2   | Identified the Reference Book on Aid
 10889 | Lair:3   | Reached skill level 5 in Evocations
 10988 | Lair:3   | Received a gift from Trog
 11085 | Lair:3   | Reached skill level 5 in Shields
 11318 | Lair:3   | Noticed Fannar
 11326 | Lair:3   | Killed Fannar
 11710 | Lair:4   | Reached skill level 17 in Dodging
 12199 | Lair:4   | Received a gift from Trog
 12199 | Lair:4   | Reached XP level 13. HP: 67/67 MP: 18/18
 12262 | Lair:4   | Identified a scroll of acquirement
 12265 | Lair:4   | Got a faintly humming cloak
 12271 | Lair:4   | Identified the +3 cloak of Onwyluc {rF+ rC+ Dex-3} (You acquired it on level 4 of the Lair of Beasts)
 12852 | Lair:5   | Reached skill level 15 in Stealth
 12964 | Lair:5   | Noticed Kirke
 13072 | Lair:5   | Killed Kirke
 13768 | Lair:6   | Found a staircase to the Swamp.
 13932 | Lair:6   | Found a hole to the Spider Nest.
 14603 | Lair:7   | Reached skill level 18 in Dodging
 14878 | Lair:7   | Found a staircase to the Slime Pits.
 14880 | Lair:7   | Found a viscous altar of Jiyva.
 15080 | Lair:7   | Received a gift from Trog
 15424 | Lair:8   | Entered Level 8 of the Lair of Beasts
 15575 | Lair:8   | Mangled by a death yak

Vault maps used:
D:1:      evilmike_arrival_hilbert_curve
D:2:      lemuel_zombie_altar_kikubaaqudgha, marbit_many_paths
D:3:      lemuel_round_altar, nicolae_overflow_crystal_walls, led_sif_pool,
          first_bread
D:5:      temple_pool_b, enter_ossuary_5
D:6:      lemuel_round_altar, okawaru_altar_gauntlet_db, lemuel_doored_altar,
          overflow_temple_1_default, serial_shops, shop
D:7:      lightli_temple_of_fire
D:8:      minmay_tri_box, overflow_temple_1_default, grunt_livestock,
          grunt_pakellas_sulfur, uniq_joseph
D:9:      zin_scriptorium, orc_0_dummy, serial_ice, serial_ice_a, serial_ice_k,
          serial_ice_d, serial_ice_f, serial_ice_o, basic_altar,
          xom_teletrap_fun
D:10:     dpeg_lair_monsters, minivault_27, st_stairs_7, minmay_fire_ice_demons
Temple:   minmay_temple_bridge_d_8
Lair:2:   lab_entry_generic, hangedman_lair_unloving_vines, lemuel_fruit_tree
Lair:3:   st_stairs_13, pond, uniq_fannar
Lair:5:   beast_lair_carwin_10, infiniplex_staircase_pool_2, uniq_kirke
Lair:6:   swamp_mist_pool, nicolae_spider_entry_tight_spaces
Lair:7:   slime_altar_1, minivault_19
Lair:8:   hangedman_lair_caniforms_friends, wormcave, serial_bayou_pond_e
Orc:1:    mines4_lemuel
Lab:      nicolae_lab_dead_adventurers, nicolae_lab_grate, lab_hedge,
          lab_statue, nicolae_lab_big_swirl, lab_block, nicolae_lab_x,
          labyrinth_skeletal_remains, nicolae_lab_hexagon
Ossuary:  ossuary_tomb_3

Action                   |  1- 3 |  4- 6 |  7- 9 | 10-12 | 13-15 || total
-------------------------+-------+-------+-------+-------+-------++-------
Melee: Short sword       |   133 |    10 |   224 |   333 |       ||   700
       Dagger            |       |   212 |   326 |   403 |       ||   941
       Rapier            |       |       |       |   324 |   353 ||   677
Invok: Berserk           |     2 |       |     3 |     3 |     2 ||    10
       Brothers in Arms  |       |       |       |     3 |     4 ||     7
       Trog's Hand       |       |       |       |       |     1 ||     1
Evoke: Wand              |       |       |       |   104 |    20 ||   124
  Use: Scroll            |       |     9 |     6 |    13 |     7 ||    35
       Potion            |       |     3 |    11 |     5 |     4 ||    23
 Stab: Sleeping          |     1 |     4 |    20 |    49 |    30 ||   104
       Invisible         |       |       |     1 |     4 |       ||     5
       Distracted        |       |       |       |     1 |       ||     1
       Confused          |       |       |       |     2 |     3 ||     5
  Eat: Pizza             |       |       |     2 |     8 |       ||    10
       Royal jelly       |       |       |     1 |     1 |     1 ||     3
       Bread ration      |       |       |     1 |       |       ||     1
       Fruit             |       |       |       |     7 |     4 ||    11
